 Dungeon Crawl Stone Soup version 0.22-a0-166-g5351223 (webtiles) character file.

128 Amnesiac the Digger (level 4, -6/30 HPs)
             Began as a Mummy Earth Elementalist on Feb 13, 2018.
             Was an Initiate of Ashenzari.
             Mangled by a mummy (13 damage)
             ... in an ossuary.
             The game lasted 00:04:32 (2668 turns).

Amnesiac the Digger (Mummy Earth Elementalist)      Turns: 2668, Time: 00:04:33

Health: -6/30      AC:  2    Str: 11    XL:     4   Next: 86%
Magic:  2/10       EV: 12    Int: 15    God:    Ashenzari [......]
Gold:   136        SH:  0    Dex: 12    Spells: 4/11 levels left

rFire    x . .     SeeInvis .   a - +0 hunting sling
rCold    + . .     Gourm    .   (no shield)
rNeg     + + +     Faith    .   c - +0 robe
rPois    ∞         Spirit   .   (no helmet)
rElec    .         Reflect  .   (no cloak)
rCorr    .         Harm     .   (no gloves)
MR       .....                  (no boots)
Stlth    ++........             (no amulet)
HPRegen  0.10/turn              (no ring)
MPRegen  0.12/turn              (no ring)

@: very slightly contaminated
A: no food or potions, fire vulnerability, cold resistance 1, negative energy
resistance 3, torment resistance, unbreathing
a: Curse Item, Renounce Religion


You were in an ossuary.
You worshipped Ashenzari.
Ashenzari was noncommittal.
You were not hungry.

You visited 1 branch of the dungeon, and saw 4 of its levels.
You also visited: Ossuary.

You collected 136 gold pieces.

Inventory:

Hand Weapons
 a - a +0 hunting sling (weapon)
Missiles
 b - 54 stones (quivered)
 e - a throwing net
 p - 11 poisoned needles
Armour
 c - a +0 robe (worn)
Jewellery
 n - a cursed ring of loudness
Wands
 j - a wand of iceblast (13)
 k - a wand of enslavement (5)
Scrolls
 f - a scroll of teleportation {!r, unknown}
 g - 2 scrolls of immolation {!r, unknown}
 h - 2 scrolls of noise {!r}
 i - 6 scrolls of identify {!r}
 l - a scroll of enchant weapon {!r, unknown}
 m - a scroll of magic mapping {!r, unknown}
 o - a scroll of enchant armour {!r}
Books
 d - a book of Geomancy

   Spells                             Type                      Level
   a - Sandblast                      Earth                        1
   b - Passwall                       Transmutation/Earth          2
   c - Stone Arrow                    Conjuration/Earth            3
   d - Petrify                        Transmutation/Earth          4
   e - Lee's Rapid Deconstruction     Earth                        5


   Skills:
 - Level 1.5 Dodging
 - Level 1.5 Stealth
 + Level 4.1 Spellcasting
 - Level 0.7 Transmutations
 * Level 4.1 Earth Magic


You had 4 spell levels left.
You knew the following spells:

 Your Spells              Type           Power        Failure   Level  Hunger
a - Sandblast             Erth           ###...       3%          1    N/A
b - Passwall              Tmut/Erth      ##........   10%         2    N/A
e - Petrify               Tmut/Erth      ##......     54%         4    N/A

Dungeon Overview and Level Annotations

Branches:
Dungeon (4/15)
 Temple: D:4-7

Altars:
Ashenzari
Wu Jian
Xom


Innate Abilities, Weirdness & Mutations

You do not eat or drink.
Your flesh is vulnerable to fire.
You are immune to poison.
Your flesh is cold resistant. (rC+)
You are immune to negative energy. (rN+++)
You are immune to unholy pain and torment.
You can survive without breathing.


Message History

Confirm with . or Enter, or press ? or * to list all spells.
Aiming: Sandblast (safe; 3% risk of failure)
Press: ? - help, Shift-Dir - straight line, f/p - mummy
Aim: a mummy (severely damaged)
The blast of sand hits the mummy.
The mummy is almost destroyed.
b - 57 stones The mummy hits you.
A worker ant zombie comes into view.
Unknown command.
Casting: Sandblast (safe; 3% risk of failure)
Confirm with . or Enter, or press ? or * to list all spells.
Aiming: Sandblast (safe; 3% risk of failure)
Press: ? - help, Shift-Dir - straight line, f/p - mummy
Aim: a mummy (almost destroyed)
The blast of sand hits the mummy.
The mummy is almost destroyed.
b - 56 stones Unknown command.
Casting: Sandblast (safe; 3% risk of failure)
Confirm with . or Enter, or press ? or * to list all spells.
Aiming: Sandblast (safe; 3% risk of failure)
Press: ? - help, Shift-Dir - straight line, f/p - mummy
Aim: a mummy (almost destroyed)
The blast of sand hits the mummy.
The mummy is almost destroyed.
b - 55 stones The mummy barely misses you.
Unknown command.
Casting: Sandblast (safe; 3% risk of failure)
Confirm with . or Enter, or press ? or * to list all spells.
Aiming: Sandblast (safe; 3% risk of failure)
Press: ? - help, Shift-Dir - straight line, f/p - mummy
Aim: a mummy (almost destroyed)
The blast of sand hits the mummy.
You destroy the mummy!
b - 54 stones The mummy hits you!
* * * LOW HITPOINT WARNING * * *
A mummy comes into view.
Unknown command.
Okay, then.
The worker ant zombie bites you.
* * * LOW HITPOINT WARNING * * *
Really attack while wielding your +0 hunting sling?
Okay, then.
The worker ant zombie misses you.
Really read
h - 3 scrolls labeled MYIMOV MICRE {!r}?
As you read the scroll labeled MYIMOV MICRE {!r}, it crumbles to dust.
You hear a loud clanging noise!
It was a scroll of noise {!r}.
The worker ant zombie barely misses you.
The mummy completely misses you.
A wyvern zombie comes into view.
Really read
i - 7 scrolls labeled XOZOPA LA LOPN {!r}?
As you read the scroll labeled XOZOPA LA LOPN {!r}, it crumbles to dust.
It is a scroll of identify.
o - a scroll of enchant armour {!r} The worker ant zombie closely misses you.
Okay, then.
The worker ant zombie bites you.
* * * LOW HITPOINT WARNING * * *
The mummy hits you!
You die...

## #####
#.'.#MZ.#
#.'Z@M#
+.#..∩#
#.##### .
#≈ P ##


You could see 2 mummies, a wyvern zombie (wandering) and a worker ant zombie.

Vanquished Creatures
  A mummy (Ossuary)
  5 adders (D:3)
  A dart slug (D:1)
  2 leopard geckos (D:3)
  10 bats
  3 giant cockroaches
  6 goblins
  8 hobgoblins
  8 jackals (D:4)
  A quokka (D:3)
  6 frilled lizards
  7 kobolds
  7 rats
65 creatures vanquished.

Notes
Turn   | Place    | Note
-------+----------+-------------------------------------------
     0 | D:1      | Amnesiac the Mummy Earth Elementalist began the quest for the Orb.
     0 | D:1      | Reached XP level 1. HP: 13/13 MP: 4/4
   409 | D:1      | Reached XP level 2. HP: 19/19 MP: 5/5
  1171 | D:1      | Reached XP level 3. HP: 24/24 MP: 7/7
  1175 | D:1      | Learned a level 2 spell: Passwall
  1726 | D:3      | Reached XP level 4. HP: 17/30 MP: 6/9
  1757 | D:3      | Learned a level 4 spell: Petrify
  2338 | D:2      | Found a shimmering altar of Xom.
  2372 | D:4      | Found an ornate altar of the Wu Jian Council.
  2472 | D:4      | Found a shattered altar of Ashenzari.
  2578 | D:4      | Became a worshipper of Ashenzari the Shackled
  2635 | D:4      | Found a sand-covered staircase.
  2640 | Ossuary  | Entered an ossuary
  2668 | Ossuary  | Mangled by a mummy

Vault maps used:
D:1:      onia_arrival_mini_spirals
D:2:      lemuel_upstairs_altar, nicolae_dithmenos_through_a_glass_darkly
D:4:      kennysheep_kobold_camp, nicolae_overflow_hidden_temple,
          nicolae_overflow_crystal_walls, first_ration, enter_ossuary_5,
          minmay_misc_feat_iff
Ossuary:  ossuary_zaba_flooded

Skill      XL: |  1  2  3  4 |
---------------+-------------+-----
Spellcasting   | 3 4 |  4.1
Earth Magic    | 3 4 |  4.1
Dodging        | |  1.5
Stealth        | |  1.5
Transmutations | |  0.7

Action                   |  1- 3 |  4- 6 || total
-------------------------+-------+-------++-------
 Fire: Hunting sling     |   172 |    60 ||   232
 Cast: Sandblast         |     3 |    16 ||    19
       Passwall          |       |     2 ||     2
  Use: Scroll            |       |     2 ||     2
Armor: Robe              |    30 |     6 ||    36
Dodge: Dodged            |    86 |    30 ||   116

Table legend:
 A = Spawn XP
 B = Non-spawn XP
 C = Spawn XP percentage of total XP
 D = Spawn monster count
 E = Non-spawn monster count
 F = Spawn count percentage of total count
 G = Total turns spent on level
                    A         B        C        D         E        F      G
               +---------+---------+-------+---------+---------+-------+---------
         Total |       0 |     183 |   0.0 |       0 |      65 |   0.0 |  2668
               +---------+---------+-------+---------+---------+-------+---------
           D:1 |       0 |      41 |   0.0 |       0 |      27 |   0.0 |  1200
           D:2 |       0 |      10 |   0.0 |       0 |       6 |   0.0 |   343
           D:3 |       0 |      95 |   0.0 |       0 |      21 |   0.0 |   825
           D:4 |       0 |      19 |   0.0 |       0 |      10 |   0.0 |   272
       Ossuary |       0 |      18 |   0.0 |       0 |       1 |   0.0 |    28
               +---------+---------+-------+---------+---------+-------+---------
